 Seeded DCSS version 0.29.1-15-g9cfb28693d (webtiles) character file.

Game seed: 4447204141014855034 (custom seed)

7 Gelion the Vexing (level 1, -2/12 HPs)
             Began as a Deep Elf Arcane Marksman on Apr 21, 2023.
             Slain by a hobgoblin (5 damage)
             ... on level 1 of the Dungeon.
             The game lasted 00:01:34 (553 turns).

Gelion the Vexing (Deep Elf Arcane Marksman)         Turns: 553, Time: 00:01:36

Health: -2/12      AC:  2    Str:  7    XL:     1   Next: 83%
Magic:  5/5        EV: 12    Int: 17    God:
Gold:   59         SH:  0    Dex: 15    Spells: 2/3 levels left

rFire   . . .      SeeInvis .   a - +1 sling
rCold   . . .      Faith    .   (no shield)
rNeg    . . .      Spirit   .   c - +0 robe
rPois   .          Reflect  .   (no helmet)
rElec   .          Harm     .   (no cloak)
rCorr   .          Rampage  .   (no gloves)
Will    .....                   (no boots)
Stlth   +.........              (no amulet)
HPRegen 0.04/turn               (no ring)
MPRegen 0.09/turn               (no ring)

@: no status effects
A: no striking features
a: no special abilities


You were on level 1 of the Dungeon.
You visited 1 branch of the dungeon, and saw 1 of its levels.

You collected 59 gold pieces.

Inventory:

Hand Weapons
 a - a +1 sling (weapon)
Armour
 c - a +0 robe (worn)
Jewellery
 e - a ring of see invisible
Scrolls
 b - a scroll of poison
 d - a scroll of magic mapping {unknown}
 f - a scroll of torment {unknown}
 g - a scroll of immolation {unknown}
Potions
 h - a potion of curing {unknown}


   Skills:
 + Level 1.0 Fighting
 * Level 3.0 Ranged Weapons
 + Level 2.5 Dodging
 + Level 1.7 Spellcasting
 + Level 4.1 Hexes


You had 2 spell levels left.
You knew the following spells:

 Your Spells              Type           Power      Damage    Failure   Level
a - Slow                  Hex            60%        N/A       3%          1

Your spell library contained the following spells:

 Spells                   Type           Power      Damage    Failure   Level
 Inner Flame              Hex/Fire       8%         N/A       26%         3
 Portal Projectile        Hex/Tloc       16%        N/A       26%         3
 Cause Fear               Hex            7%         N/A       36%         4


Dungeon Overview and Level Annotations

Branches:
Dungeon (1/15)

Altars:

Shops:
D:1 *


Message History

No target in view!
No target in view!
You shoot a sling bullet.
The sling bullet misses the frilled lizard.
You shoot a sling bullet.
The sling bullet misses the frilled lizard.
The frilled lizard misses you.
You shoot a sling bullet.
The sling bullet hits the frilled lizard!
You kill the frilled lizard!
Your Fighting skill increases to level 1!
No target in view!
No target in view!
You now have 55 gold pieces (gained 12).
A hobgoblin comes into view.
Found a scroll labelled OSIJ YROLU.
The hobgoblin shouts!
The hobgoblin moves out of view.
You now have 59 gold pieces (gained 4).
A hobgoblin is nearby!
You shoot a sling bullet.
The sling bullet hits the hobgoblin but does no damage.
You shoot a sling bullet. The sling bullet hits the hobgoblin.
The hobgoblin is moderately wounded.
You shoot a sling bullet.
The sling bullet barely misses the hobgoblin.
You shoot a sling bullet.
The sling bullet closely misses the hobgoblin.
The hobgoblin hits you but does no damage.
You shoot a sling bullet.
The sling bullet hits the hobgoblin but does no damage.
The hobgoblin is moderately wounded.
The hobgoblin hits you.
You shoot a sling bullet.
The sling bullet hits the hobgoblin but does no damage.
The hobgoblin is moderately wounded.
The hobgoblin hits you.
* * * LOW HITPOINT WARNING * * *
The hobgoblin hits you.
You die...

#......#......#..
?.##....####....(.#..
.###........###^........
..?.....(...............
#..#....................
...........##..#........
.........#..#.#####.....
.........##.............
#..g@..#.########....
#.........#######....
.........†..........)...
?.##.....##.#...........
. #.....#..##...#......
#.......##..#.###....
............##.# ##...
..#......... #.# ##..
..#......... #.. ###


You could see a hobgoblin.

Vanquished Creatures
  A bat (D:1)
  An endoplasm (D:1)
  A giant cockroach (D:1)
  A goblin (D:1)
  A ball python (D:1)
  A frilled lizard (D:1)
6 creatures vanquished.

Notes
Turn   | Place    | Note
-------+----------+-------------------------------------------
     0 | D:1      | Gelion the Deep Elf Arcane Marksman began the quest for the
                  | Orb.
     0 | D:1      | Reached XP level 1. HP: 11/11 MP: 5/5
   265 | D:1      | Found Vuliane's General Store.
   543 | D:1      | Reached skill level 1 in Fighting
   553 | D:1      | Slain by a hobgoblin

Illustrated notes

Levels and vault maps discovered:
D:1:      lemuel_arrival_river_ford, layout_rooms, serial_shops,
          nicolae_shop_crystal, hellmonk_ecumenical_altar_run_dry,
          dreamdust_wishing_well

Skill      XL: |  1 |
---------------+----+-----
Ranged Weapons | 3 |  3.0
Fighting       | 1 |  1.0
Dodging        | |  2.5
Spellcasting   | |  1.7
Hexes          | |  4.1

Action                   || total
-------------------------++-------
 Fire: Sling             ||    31
 Cast: Slow              ||     6
Armor: Robe              ||     4
Dodge: Dodged            ||     7
